Map: Frozen Temple

Players

PiLiPiLi

  • Race: Protoss Protoss
  • League: Grandmaster

puCK (Nina) - Winner!

  • Race: Protoss Protoss
  • League: Grandmaster

VOD

Have the link to the VOD?

Description

Time

  • Played on: May 22, 2016, 1:18 a.m.
  • Length: 10:51
Show
View Real Time Build Order
Export as new Build Order

PiLiPiLi Protoss 

Build Orders:  

Get SALT Encoding   

  12  0:01  Probe (Chrono Boost)  
  13  0:11  Probe (Chrono Boost)  
  14  0:17  Pylon  
  14  0:22  Probe (Chrono Boost)  
  15  0:36  Probe (Chrono Boost), Gateway  
  16  0:45  Assimilator  
  16  0:46  Probe (Chrono Boost)  
  17  0:50  Assimilator  
  18  0:57  Probe (Chrono Boost)  
  18  1:03  Gateway  
  18  1:07  Probe (Chrono Boost)  
  19  1:18  Probe (Chrono Boost)  
  20  1:23  Cybernetics Core  
  20  1:28  Probe (Chrono Boost)  
  21  1:34  Pylon  
  21  1:39  Probe (Chrono Boost)  
  22  1:49  Probe (Chrono Boost)  
  23  2:00  Stalker x2  
  27  2:02  Warp Gate (Chrono Boost)  
  27  2:11  Mothership Core (Chrono Boost)  
  29  2:20  Pylon  
  29  2:30  Stalker  
  31  2:38  Stalker  
  31  2:39  Probe  
  33  3:00  Stalker  
  35  3:05  Probe  
  35  3:08  Stalker  
  36  3:18  Probe  
  37  3:27  Nexus  
  37  3:32  Pylon  
  37  3:47  Probe  
  38  3:55  Stalker  
  40  3:58  Stalker  
  42  4:08  Pylon  
  41  4:17  Robotics Facility  
  41  4:26  Stalker x2  
  44  4:50  Stalker x2  
  42  4:54  Probe  
  42  4:58  Probe  
  42  5:06  Probe  
  43  5:08  Probe  
  44  5:16  Sentry x2  
  44  5:18  Probe  
  44  5:19  Immortal (Chrono Boost)  
  44  5:20  Probe  
  54  5:30  Probe  
  54  5:31  Probe  
  56  5:43  Probe x2  
  56  5:48  Twilight Council  
  58  5:50  Sentry  
  58  5:54  Probe, Observer (Chrono Boost)  
  58  5:55  Probe  
  62  5:57  Pylon  
  62  6:04  Pylon  
  62  6:14  Probe  
  62  6:15  Probe  
  62  6:16  Immortal (Chrono Boost)  
  68  6:24  Assimilator, Probe  
  68  6:26  Blink (Chrono Boost)  
  68  6:28  Probe  
  70  6:35  Probe  
  71  6:40  Probe  
  71  6:42  Assimilator  
  71  6:45  Probe, Pylon  
  72  6:52  Probe  
  72  6:56  Probe  
  72  7:01  Immortal (Chrono Boost)  
  76  7:04  Probe  
  76  7:07  Probe  
  78  7:10  Gateway  
  78  7:11  Gateway  
  78  7:16  Probe  
  78  7:22  Pylon  
  79  7:26  Probe  
  80  7:31  Sentry x2  
  80  7:35  Nexus  
  80  7:36  Pylon  
  84  7:42  Warp Prism (Chrono Boost)  
  86  7:54  Gateway x2  
  86  7:57  Gateway  
  86  8:05  Sentry x2  
  90  8:08  Stalker x2  
  92  8:28  Stalker x2  
  96  8:35  Stalker  
  96  8:36  Stalker  
  96  8:38  Pylon x2  
  100  8:50  Pylon  
  100  8:52  Stalker x2  
  100  8:53  Stalker  
  100  8:54  Stalker  
  100  9:13  Stalker x4  
  93  9:19  Stalker x2  
  67  9:32  Stalker  
  67  9:33  Stalker x2  
  71  9:43  Stalker x2  
  75  9:50  Sentry x2  
  77  9:57  Stalker  
  77  9:59  Stalker  
  81  10:08  Stalker  
  81  10:11  Stalker  
  81  10:12  Sentry  
  85  10:14  Sentry  
  85  10:23  Stalker  
  85  10:28  Stalker  
  77  10:33  Stalker  
Show
View Real Time Build Order
Export as new Build Order

puCK Protoss - Winner!

Build Orders:  

Get SALT Encoding   

  12  0:01  Probe (Chrono Boost)  
  13  0:13  Probe (Chrono Boost)  
  14  0:18  Pylon  
  14  0:23  Probe (Chrono Boost)  
  15  0:36  Probe (Chrono Boost)  
  15  0:37  Gateway  
  15  0:42  Assimilator  
  16  0:47  Probe (Chrono Boost)  
  17  0:51  Assimilator  
  17  0:58  Probe (Chrono Boost)  
  18  1:05  Gateway  
  18  1:09  Probe (Chrono Boost)  
  19  1:19  Probe (Chrono Boost)  
  19  1:24  Cybernetics Core  
  20  1:30  Probe (Chrono Boost)  
  21  1:36  Pylon  
  21  1:41  Probe (Chrono Boost)  
  22  1:53  Probe (Chrono Boost)  
  23  2:01  Adept (Chrono Boost)  
  23  2:02  Adept (Chrono Boost)  
  23  2:03  Warp Gate (Chrono Boost)  
  27  2:09  Mothership Core  
  29  2:17  Pylon  
  29  2:30  Stalker  
  29  2:35  Stalker  
  33  2:50  Probe  
  32  3:11  Stalker  
  33  3:13  Nexus  
  33  3:24  Robotics Facility  
  34  3:37  Probe  
  35  3:43  Pylon  
  33  3:49  Probe  
  33  3:53  Stalker  
  33  3:54  Stalker  
  38  4:02  Pylon  
  36  4:13  Immortal (Chrono Boost)  
  38  4:25  Stalker  
  38  4:28  Stalker  
  42  4:45  Pylon  
  36  4:53  Pylon  
  36  4:56  Immortal (Chrono Boost)  
  40  5:07  Sentry x2  
  42  5:14  Probe  
  44  5:15  Probe  
  44  5:21  Gateway  
  46  5:28  Probe  
  47  5:34  Immortal (Chrono Boost)  
  51  5:36  Probe  
  51  5:40  Probe  
  51  5:41  Sentry  
  54  5:43  Sentry  
  54  5:47  Probe  
  57  5:52  Probe  
  58  5:57  Probe  
  60  6:04  Probe  
  60  6:08  Probe, Twilight Council  
  62  6:12  Observer (Chrono Boost)  
  62  6:16  Probe  
  62  6:17  Adept x2  
  67  6:18  Probe  
  67  6:23  Assimilator  
  68  6:26  Assimilator  
  68  6:28  Probe  
  68  6:29  Probe  
  70  6:37  Warp Prism (Chrono Boost)  
  70  6:39  Probe  
  70  6:40  Probe  
  72  6:50  Probe  
  72  6:52  Probe  
  74  6:55  Blink (Chrono Boost)  
  74  7:00  Probe  
  70  7:04  Probe  
  72  7:10  Pylon  
  72  7:11  Probe, Immortal (Chrono Boost)  
  77  7:15  Pylon  
  77  7:30  Nexus  
  77  7:32  Pylon  
  77  7:33  Gateway  
  77  7:35  Gateway, Sentry  
  79  7:42  Adept  
  79  7:43  Adept  
  83  7:51  Gateway  
  83  7:57  Immortal (Chrono Boost)  
  87  7:59  Probe  
  87  8:00  Probe  
  88  8:11  Probe  
  88  8:12  Probe  
  90  8:22  Stalker x2  
  90  8:23  Forge  
  90  8:24  Probe x2  
  96  8:33  Observer (Chrono Boost)  
  97  8:36  Probe x2  
  97  8:37  Stalker  
  101  8:44  Pylon  
  101  8:45  Assimilator  
  101  8:47  Assimilator  
  101  8:50  Probe x2  
  101  8:52  Pylon  
  101  8:55  Pylon  
  102  8:56  Robotics Bay  
  102  8:57  Stalker  
  103  9:07  Stalker x2  
  82  9:25  Stalker x3  
  76  9:33  Probe  
  76  9:36  Stalker x3  
  83  9:39  Pylon  
  77  9:49  Stalker x3  
  77  9:51  Probe x2  
  83  9:54  Probe  
  83  9:59  Sentry x2  
  88  10:00  Sentry  
  88  10:03  Probe  
  91  10:12  Immortal (Chrono Boost)  
  91  10:13  Probe, Stalker, Sentry x2  
  101  10:14  Probe  
  93  10:31  Stalker x2  
  93  10:32  Stalker  
  87  10:39  Stalker  
Tags
 
Add a new tag
Caveats
  • Supply blocks, unpowered buildings, or Contaminate may cause inaccurate times.
  • Supply counts are checked every 10 seconds.